[Event "Friday 19 January Rapid Engine Tour 12+1 Rounds 9 Starts 1600 ST"]
[Site "Infinity Chess"]
[Date "2018.1.19"]
[Round "1"]
[White "Dinkelberger"]
[Black "hafaba"]
[Result "1/2-1/2"]
[ECO "B00"]
[WhiteElo "2440"]
[BlackElo "2493"]
[WhiteEngine "stockfish_18011309_x64_modern_CTG"]
[BlackEngine "Stockfish SL 07012018 POPCNT_CTG"]
[EventType "Swiss"]
[WhiteTeam ""]
[BlackTeam ""]
[PlyCount "83"]
[TimeControl "720+1"]

1. e4 Nc6 2. d4 d5 3. Nc3 dxe4 4. d5 Nb8 5. Bf4 Nf6 6. Bc4 e5 7. dxe6 Qxd1+ 
8. Rxd1 Bxe6 9. Bxe6 fxe6 10. Bxc7 Nc6 11. Nge2 Bc5 12. O-O e3 13. Nf4 exf2+ 
14. Kh1 e5 15. Ne6 Bb4 16. Nxg7+ Kf7 17. Nf5 Bxc3 18. bxc3 Rhc8 19. Nd6+ Ke6 
20. Nxc8 Rxc8 21. Rd6+ Ke7 22. Rxc6 bxc6 23. Bxe5 Ne4 24. g3 c5 25. Bf4 Ke6 
26. c4 Rd8 27. Be3 Rb8 28. Bxf2 Rb2 29. Re1 Kf5 30. Be3 Rxc2 31. Rf1+ Ke6 
32. Rf4 Rxc4 33. Rh4 a5 34. Kg2 Rc2+ 35. Kf3 Nf6 36. a4 Nd5 37. Bg5 Ra2 
38. Bd8 Ra3+ 39. Kf2 Ra2+ 40. Kf3 Ra3+ 41. Kf2 Ra2+ 42. Kf3 1/2-1/2

[Event "Friday 19 January Rapid Engine Tour 12+1 Rounds 9 Starts 1600 ST"]
[Site "Infinity Chess"]
[Date "2018.1.19"]
[Round "1"]
[White "Marsell"]
[Black "angriff"]
[Result "1/2-1/2"]
[ECO "B00"]
[WhiteElo "2497"]
[BlackElo "2448"]
[WhiteEngine "asmFishW_2018-01-11_popcnt"]
[BlackEngine "Raubfisch ME262_GTZ16b2_CTG"]
[EventType "Swiss"]
[WhiteTeam ""]
[BlackTeam ""]
[PlyCount "58"]
[TimeControl "720+1"]

1. e4 Nc6 2. d4 d5 3. e5 Bf5 4. c3 e6 5. Nd2 f6 6. Ngf3 fxe5 7. Nxe5 Nxe5 
8. dxe5 c6 9. Nf3 Bc5 10. Nd4 Ne7 11. Be2 O-O 12. O-O Qb6 13. Nb3 Rf7 14. h3 Be4 
15. Nxc5 Qxc5 16. Be3 Qa5 17. Qd2 Qc7 18. Bh5 Bg6 19. Bxg6 Nxg6 20. f4 Rd8 
21. b4 b6 22. Rab1 Rdf8 23. a4 Ne7 24. a5 Nf5 25. axb6 axb6 26. Bf2 Ne7 
27. Be3 Nf5 28. Bf2 Ne7 29. Be3 Nf5 1/2-1/2

[Event "Friday 19 January Rapid Engine Tour 12+1 Rounds 9 Starts 1600 ST"]
[Site "Infinity Chess"]
[Date "2018.1.19"]
[Round "1"]
[White "neófito"]
[Black "Vimtiroba"]
[Result "1-0"]
[ECO "C53"]
[WhiteElo "2452"]
[BlackElo "2505"]
[WhiteEngine "asmFishW_2018-01-12_bmi2"]
[BlackEngine "SF@Infinity_CTG"]
[EventType "Swiss"]
[WhiteTeam ""]
[BlackTeam ""]
[PlyCount "124"]
[TimeControl "720+1"]

1. e4 e5 2. Nf3 Nc6 3. Bc4 Bc5 4. c3 Nf6 5. d3 d6 6. Bg5 h6 7. Bh4 a5 8. Nbd2 g5 
9. Bg3 Ba7 10. a3 O-O 11. a4 Nh5 12. Nf1 g4 13. Ng1 Nf4 14. h3 Qg5 15. Bxf4 Qxf4 
16. Qc2 Ne7 17. hxg4 Bxg4 18. f3 Be6 19. Ne2 Qg5 20. Neg3 Bd7 21. Rh5 Qg6 
22. O-O-O Kh7 23. d4 exd4 24. cxd4 d5 25. Bxd5 Nxd5 26. Rxd5 Rfd8 27. Rh5 c5 
28. d5 Bb8 29. e5 f6 30. Qxg6+ Kxg6 31. e6 Bf4+ 32. Rd2 Bxe6 33. dxe6 Rxd2 
34. Nxd2 Bxg3 35. Rxc5 Re8 36. Rxa5 Bf4 37. Rd5 Rxe6 38. Kd1 h5 39. Ne4 Rc6 
40. Rc5 Rb6 41. Kc2 h4 42. Rc4 f5 43. a5 Re6 44. Nc3 Bg3 45. b4 Re1 46. Rd4 Rg1 
47. Rd2 Bf4 48. Rf2 Be3 49. Re2 f4 50. Ne4 Rf1 51. Kd3 h3 52. gxh3 Rxf3 
53. Rg2+ Kh6 54. Rg8 Ba7+ 55. Kc2 Rf1 56. Nd2 Ra1 57. Rf8 Be3 58. Nc4 Rc1+ 
59. Kd3 Kg7 60. Rb8 Bg1 61. Rxb7+ Kf6 62. Nd2 Re1 1-0

[Event "Friday 19 January Rapid Engine Tour 12+1 Rounds 9 Starts 1600 ST"]
[Site "Infinity Chess"]
[Date "2018.1.19"]
[Round "1"]
[White "xeonrocks"]
[Black "Wolle"]
[Result "1-0"]
[ECO "C53"]
[WhiteElo "2523"]
[BlackElo "2456"]
[WhiteEngine "asmFishW_CTG"]
[BlackEngine "Raubfisch X37a2_CTG"]
[EventType "Swiss"]
[WhiteTeam ""]
[BlackTeam ""]
[PlyCount "149"]
[TimeControl "720+1"]

1. e4 e5 2. Nf3 Nc6 3. Bc4 Bc5 4. c3 Nf6 5. d4 exd4 6. e5 d5 7. Bb5 Ne4 
8. cxd4 Bb6 9. O-O Bg4 10. a4 a6 11. Bxc6+ bxc6 12. Nc3 O-O 13. h3 Bxf3 
14. gxf3 Nxc3 15. bxc3 c5 16. a5 Ba7 17. Be3 c6 18. f4 f6 19. Qg4 Qe7 
20. Rfe1 Rab8 21. Reb1 Qe8 22. Kh1 Rxb1+ 23. Rxb1 Qe7 24. h4 Kh8 25. Rg1 c4 
26. h5 f5 27. Qg5 Qxg5 28. Rxg5 Kg8 29. Bc1 c5 30. Ba3 Rc8 31. e6 cxd4 
32. Rxf5 Bc5 33. Bxc5 Rxc5 34. e7 Rc8 35. Rxd5 Re8 36. Rxd4 Rxe7 37. Rxc4 Re6 
38. Kg2 Rf6 39. Rc8+ Kf7 40. Rc7+ Kf8 41. Ra7 Rc6 42. c4 Rxc4 43. Rxa6 h6 
44. Kf3 Kf7 45. Ra7+ Kg8 46. a6 Rc3+ 47. Ke4 Ra3 48. f5 Ra5 49. Ra8+ Kf7 
50. a7 Ra4+ 51. Kd3 Ra1 52. f6 Ra4 53. f4 Ra3+ 54. Kc2 Ra6 55. f5 Rc6+ 
56. Kb3 Rb6+ 57. Kc4 Ra6 58. fxg7 Kxg7 59. f6+ Kf7 60. Rh8 Ra4+ 61. Kb3 Ra1 
62. a8=Q Rxa8 63. Rxa8 Kxf6 64. Kc4 Ke6 65. Ra6+ Kf5 66. Rxh6 Kg5 67. Rh8 Kf6 
68. h6 Kg5 69. Kd4 Kh5 70. h7 Kg6 71. Ke5 Kg7 72. Ra8 Kf7 73. h8=Q Kg6 
74. Rg8+ Kf7 75. Rg7# 1-0

[Event "Friday Night Double Round Robin 3m+1s Starts at 2200hrs ST NO LATE JOINS POSS"]
[Site "Infinity Chess"]
[Date "2018.1.20"]
[Round "26"]
[White "xeonrocks"]
[Black "PAKtech"]
[Result "1/2-1/2"]
[ECO "C53"]
[WhiteElo "2538"]
[BlackElo "2447"]
[WhiteEngine "asmFishW_CTG"]
[BlackEngine "Raubfisch ME262_GTZ16b3._CTG"]
[EventType "Round Robin"]
[WhiteTeam ""]
[BlackTeam ""]
[PlyCount "139"]
[TimeControl "180+1"]

1. e4 e5 2. Nf3 Nc6 3. Bc4 Bc5 4. c3 Nf6 5. d4 exd4 6. e5 d5 7. Bb5 Ne4 
8. cxd4 Bb6 9. O-O O-O 10. h3 f6 11. Nc3 fxe5 12. Bxc6 bxc6 13. Nxe4 dxe4 
14. Qb3+ Qd5 15. Nxe5 Ba6 16. Rd1 Be2 17. Re1 Bxd4 18. Rxe2 Bxe5 19. Rxe4 Rae8 
20. Re2 Qxb3 21. axb3 Bd4 22. Rxe8 Rxe8 23. Kf1 Rb8 24. Ra4 Bc5 25. Rc4 Bd6 
26. Ke2 Rxb3 27. Rxc6 Kf7 28. Ra6 Bc5 29. f3 Rb6 30. Ra4 a6 31. Kd3 Bd6 
32. Rh4 h6 33. Rc4 Rb5 34. Kc2 Re5 35. Rf4+ Ke6 36. Re4 Rxe4 37. fxe4 Ke5 
38. Kd3 Ke6 39. g4 Be5 40. b3 Bf6 41. Bf4 Be5 42. Be3 Bf6 43. Kc4 Ke5 
44. Kd3 Kd6 45. Bg1 Ke6 46. Bc5 g6 47. Ba3 h5 48. Bc5 hxg4 49. hxg4 Be5 
50. Be3 Kd6 51. Kd2 Ke7 52. Kd3 Kd7 53. b4 Ke6 54. Bd4 Bg3 55. Bc3 Be5 
56. Bxe5 Kxe5 57. g5 Kf4 58. Kd4 Kg4 59. Kd5 Kxg5 60. Ke5 Kh4 61. Kf6 g5 
62. e5 g4 63. e6 g3 64. e7 g2 65. e8=Q g1=Q 66. Qe4+ Qg4 67. Qxg4+ Kxg4 
68. Ke7 Kf3 69. Kd7 Ke4 70. Kc6 1/2-1/2

[Event "Friday Night Double Round Robin 3m+1s Starts at 2200hrs ST NO LATE JOINS POSS"]
[Site "Infinity Chess"]
[Date "2018.1.20"]
[Round "26"]
[White "Gilgamesch"]
[Black "tris77"]
[Result "1-0"]
[ECO "B90"]
[WhiteElo "2535"]
[BlackElo "2462"]
[WhiteEngine "BrainFish_171005_x64_bmi2"]
[BlackEngine "Raubfisch X37b_CTG"]
[EventType "Round Robin"]
[WhiteTeam ""]
[BlackTeam ""]
[PlyCount "181"]
[TimeControl "180+1"]

1. e4 c5 2. Nf3 d6 3. d4 cxd4 4. Nxd4 Nf6 5. Nc3 a6 6. Be3 e5 7. Nb3 Be6 
8. Be2 Be7 9. O-O O-O 10. Nd5 Nxe4 11. Bb6 Qd7 12. Nc7 Nc6 13. Nxa8 Rxa8 
14. Re1 f5 15. f3 Nf6 16. c4 Rc8 17. Rc1 Nd8 18. Qd2 h6 19. Red1 Qe8 20. Bf2 Nf7 
21. Na5 Rc7 22. b4 Qa8 23. Qe1 Nh5 24. Bf1 Bg5 25. Rb1 Nf4 26. b5 axb5 
27. Rxb5 Bd7 28. Rb6 Bd8 29. c5 Ba4 30. Rdb1 Rd7 31. Qb4 Bc2 32. Rxb7 Rxb7 
33. Nxb7 dxc5 34. Qb5 Bxb1 35. Qxb1 Be7 36. Qb3 e4 37. fxe4 fxe4 38. Bc4 Qe8 
39. Nxc5 Bd6 40. Qe3 Bc7 41. Qxe4 Qxe4 42. Nxe4 Ng6 43. a4 Nge5 44. Bd5 Kf8 
45. Be1 Nd3 46. Bd2 Ke7 47. a5 Nd6 48. Kf1 Nxe4 49. Bxe4 Nc5 50. Bb4 Bd6 
51. Bf3 Na6 52. Bc3 g6 53. g3 Bc5 54. Bb7 Nc7 55. Bd2 g5 56. Ke2 Nb5 57. Kf3 Nd6 
58. Bd5 Nb5 59. Kg4 Kd6 60. Be4 Bg1 61. h4 Kc5 62. hxg5 hxg5 63. Bxg5 Kc4 
64. Kf3 Ba7 65. Be3 Nd4+ 66. Bxd4 Kxd4 67. g4 Ke5 68. g5 Bd4 69. a6 Ke6 
70. Ke2 Bg1 71. Kd3 Ke5 72. Kc4 Be3 73. g6 Kf6 74. Kb5 Bg1 75. Kc6 Bf2 
76. Kb7 Ke7 77. a7 Bxa7 78. Kxa7 Kf6 79. Kb6 Ke7 80. Kc5 Ke6 81. Kc6 Ke5 
82. g7 Kxe4 83. g8=Q Kf3 84. Qg5 Ke4 85. Qg4+ Kd3 86. Kd5 Kc2 87. Kc4 Kd2 
88. Qf4+ Kd1 89. Qf2 Kc1 90. Kc3 Kd1 91. Qf1# 1-0

[Event "Friday Night Double Round Robin 3m+1s Starts at 2200hrs ST NO LATE JOINS POSS"]
[Site "Infinity Chess"]
[Date "2018.1.20"]
[Round "26"]
[White "Victorious"]
[Black "Dovahkiin"]
[Result "1/2-1/2"]
[ECO "D31"]
[WhiteElo "2514"]
[BlackElo "2463"]
[WhiteEngine "BugChess2.41_Release"]
[BlackEngine "corchess_x64_modern_CTG"]
[EventType "Round Robin"]
[WhiteTeam ""]
[BlackTeam ""]
[PlyCount "141"]
[TimeControl "180+1"]

1. d4 d5 2. c4 e6 3. Nc3 c6 4. e4 dxe4 5. Nxe4 Bb4+ 6. Bd2 Qxd4 7. Bxb4 Qxe4+ 
8. Be2 Na6 9. Ba5 b6 10. Qd6 Bd7 11. Bc3 f6 12. Nf3 Nh6 13. Rd1 Rd8 14. Qa3 Bc8 
15. Nd2 Qf4 16. Bh5+ Nf7 17. O-O c5 18. Qa4+ Ke7 19. Rfe1 Rhe8 20. Qc2 Bb7 
21. Bf3 Bxf3 22. Nxf3 Rxd1 23. Rxd1 Rd8 24. Rxd8 Nxd8 25. Qxh7 Kf7 26. Qd3 Ke7 
27. g3 Qf5 28. Qxf5 exf5 29. Nh4 Ke6 30. Ng6 Nc7 31. Kf1 Nc6 32. b3 b5 
33. cxb5 Nxb5 34. Nf4+ Kf7 35. Bb2 Nd6 36. Ba3 Ne4 37. f3 Nc3 38. Bxc5 Nxa2 
39. Ne2 a6 40. Ba3 Nab4 41. Bxb4 Nxb4 42. Nd4 f4 43. gxf4 Nd5 44. f5 Ke7 
45. Ne6 Ne3+ 46. Kf2 Nxf5 47. Nc5 a5 48. Nb7 Nd4 49. Nxa5 Ke6 50. h3 Kd5 
51. h4 g6 52. Kg3 Nf5+ 53. Kg4 Nd4 54. b4 Nf5 55. Kh3 Nd4 56. Kg4 Nf5 
57. f4 Ne3+ 58. Kf3 Nf5 59. Kg4 Ne3+ 60. Kg3 Nf5+ 61. Kh3 Nd4 62. Kg4 Nf5 
63. Kh3 Nd4 64. Kg4 Nf5 65. Nb3 Kc4 66. Nc5 Kxb4 67. Nd7 Nxh4 68. Kxh4 g5+ 
69. Kg3 gxf4+ 70. Kxf4 f5 71. Nb6 1/2-1/2

[Event "Friday Night Double Round Robin 3m+1s Starts at 2200hrs ST NO LATE JOINS POSS"]
[Site "Infinity Chess"]
[Date "2018.1.20"]
[Round "26"]
[White "BraveDevil"]
[Black "star99"]
[Result "1/2-1/2"]
[ECO "A50"]
[WhiteElo "2432"]
[BlackElo "2455"]
[WhiteEngine "Cryptic AIL V1"]
[BlackEngine "Cryptic AIL V1"]
[EventType "Round Robin"]
[WhiteTeam ""]
[BlackTeam ""]
[PlyCount "35"]
[TimeControl "180+1"]

1. d4 Nf6 2. c4 c6 3. Nc3 d5 4. Nf3 e6 5. Bg5 h6 6. Bh4 dxc4 7. e4 g5 8. Bg3 b5 
9. Be2 Bb7 10. O-O Nbd7 11. Ne5 Bg7 12. Nxd7 Nxd7 13. Bd6 a6 14. Bh5 Bf8 
15. Bg3 Bg7 16. Bd6 Bf8 17. Bg3 Bg7 18. Bd6 1/2-1/2

[Event "Friday Night Double Round Robin 3m+1s Starts at 2200hrs ST NO LATE JOINS POSS"]
[Site "Infinity Chess"]
[Date "2018.1.20"]
[Round "26"]
[White "RonWeasley"]
[Black "sg13040"]
[Result "1/2-1/2"]
[ECO "C55"]
[WhiteElo "2505"]
[BlackElo "2483"]
[WhiteEngine "BrainFish 130117_CTG"]
[BlackEngine "asmFishW_2018-01-14_popcnt"]
[EventType "Round Robin"]
[WhiteTeam ""]
[BlackTeam ""]
[PlyCount "94"]
[TimeControl "180+1"]

1. e4 e5 2. Nf3 Nc6 3. Bc4 Nf6 4. d3 Bc5 5. c3 a5 6. Bg5 h6 7. Bh4 g5 8. Bg3 d6 
9. O-O O-O 10. a4 Kg7 11. Na3 Ne7 12. d4 exd4 13. e5 dxe5 14. Bxe5 Nc6 
15. cxd4 Nxe5 16. dxe5 Nh5 17. g3 Bh3 18. Re1 Qe7 19. Nd4 Rad8 20. Qxh5 Rxd4 
21. Qxh3 Bxa3 22. b3 Bb4 23. Re2 f5 24. exf6+ Qxf6 25. Rf1 Qf5 26. Qh5 Qg6 
27. Qh3 Qf5 28. Qg2 Qf3 29. Qxf3 Rxf3 30. Kg2 Rf6 31. f3 Rf8 32. Re5 Rd2+ 
33. Rf2 Rfd8 34. f4 Rxf2+ 35. Kxf2 Rd2+ 36. Re2 gxf4 37. gxf4 Rd4 38. Kf3 Bd6 
39. Re4 Rd2 40. Re2 Rd4 41. Re4 Rd2 42. Re2 Rd1 43. Rg2+ Kf6 44. Ke4 Bc5 
45. Kf3 Bd6 46. Ke4 Bc5 47. Kf3 Bd6 1/2-1/2

[Event "Friday Night Double Round Robin 3m+1s Starts at 2200hrs ST NO LATE JOINS POSS"]
[Site "Infinity Chess"]
[Date "2018.1.20"]
[Round "26"]
[White "OlivierEvan"]
[Black "ocirema"]
[Result "0-1"]
[ECO "B23"]
[WhiteElo "2422"]
[BlackElo "2493"]
[WhiteEngine "Houdini 6"]
[BlackEngine "stockfish_18011309_x64_modern_CTG"]
[EventType "Round Robin"]
[WhiteTeam ""]
[BlackTeam ""]
[PlyCount "91"]
[TimeControl "180+1"]

1. e4 c5 2. Nc3 d6 3. Nge2 Nf6 4. g3 g6 5. Bg2 Bg7 6. O-O Nc6 7. d3 O-O 8. f4 e6 
9. h3 Rb8 10. g4 Ne8 11. Be3 f5 12. exf5 exf5 13. g5 Nc7 14. Bf2 Ne6 
15. d4 Ncxd4 16. Nxd4 cxd4 17. Nd5 b6 18. Qd3 Re8 19. Rfe1 Bb7 20. Qb3 Kf7 
21. Qa4 a6 22. Qb3 Qd7 23. a4 Qc6 24. Ra3 Kf8 25. c4 a5 26. Kh2 Qc5 27. Kg3 Ba6 
28. Rc1 h6 29. h4 hxg5 30. hxg5 Kf7 31. Kh2 Rec8 32. Bf1 Rh8+ 33. Kg1 Rh7 
34. Qf3 Rbh8 35. Bg2 Rh2 36. Rac3 Qc6 37. R3c2 d3 38. Rd2 Rxg2+ 39. Kxg2 Bxc4 
40. Rxd3 Bxb2 41. Rc2 Bxd5 42. Rxc6 Nxf4+ 43. Kg1 Bxf3 44. Rxf3 Nh3+ 
45. Kf1 Nxg5 46. Rc7+ 0-1

[Event "Friday Night Double Round Robin 3m+1s Starts at 2200hrs ST NO LATE JOINS POSS"]
[Site "Infinity Chess"]
[Date "2018.1.20"]
[Round "25"]
[White "ocirema"]
[Black "RonWeasley"]
[Result "1/2-1/2"]
[ECO "C11"]
[WhiteElo "2493"]
[BlackElo "2505"]
[WhiteEngine "stockfish_18011309_x64_modern_CTG"]
[BlackEngine "BrainFish 130117_CTG"]
[EventType "Round Robin"]
[WhiteTeam ""]
[BlackTeam ""]
[PlyCount "120"]
[TimeControl "180+1"]

1. e4 e6 2. d4 d5 3. Nc3 Nf6 4. e5 Nfd7 5. f4 c5 6. Nf3 Nc6 7. Be3 cxd4 
8. Nxd4 Qb6 9. Qd2 Qxb2 10. Rb1 Qa3 11. Bb5 Nxd4 12. Bxd4 a6 13. Bxd7+ Bxd7 
14. Rb3 Qe7 15. Rxb7 Rc8 16. O-O Qd8 17. Qe3 Rc4 18. Rfb1 Be7 19. f5 Bg5 
20. Qd3 O-O 21. Ne4 Bc8 22. Bb6 Be3+ 23. Qxe3 Qh4 24. Nf6+ gxf6 25. Rc7 exf5 
26. Rxc4 dxc4 27. exf6 Kh8 28. Bc7 Rg8 29. Bg3 Qg4 30. Qf4 c3 31. a3 Be6 
32. Re1 Rd8 33. Qe3 Bd5 34. Qe8+ Rxe8 35. Rxe8+ Qg8 36. Rxg8+ Kxg8 37. Be5 h5 
38. Kf2 Be4 39. Bxc3 Kh7 40. g3 f4 41. a4 fxg3+ 42. Kxg3 Bxc2 43. a5 Kg6 
44. Kf4 Bb3 45. h4 Bc4 46. Ba1 Bd5 47. Ke5 Be6 48. Bd4 Bd7 49. Kf4 Bh3 
50. Ba1 Bg2 51. Ke5 Bc6 52. Bb2 Bd7 53. Bc3 Bh3 54. Bb2 Be6 55. Bd4 Bd7 
56. Bc3 Bh3 57. Ba1 Bf5 58. Bc3 Bc8 59. Ba1 Bh3 60. Bd4 Bd7 1/2-1/2

[Event "Friday Night Double Round Robin 3m+1s Starts at 2200hrs ST NO LATE JOINS POSS"]
[Site "Infinity Chess"]
[Date "2018.1.20"]
[Round "25"]
[White "sg13040"]
[Black "BraveDevil"]
[Result "1/2-1/2"]
[ECO "B90"]
[WhiteElo "2485"]
[BlackElo "2430"]
[WhiteEngine "asmFishW_2018-01-14_popcnt"]
[BlackEngine "Cryptic AIL V1"]
[EventType "Round Robin"]
[WhiteTeam ""]
[BlackTeam ""]
[PlyCount "117"]
[TimeControl "180+1"]

1. e4 c5 2. Nf3 d6 3. d4 cxd4 4. Nxd4 Nf6 5. Nc3 a6 6. Be3 e5 7. Nf3 Be7 
8. Bc4 O-O 9. O-O Nc6 10. Bg5 Be6 11. Qe2 Rc8 12. Bxf6 Bxf6 13. Nd5 Nb4 
14. Nxf6+ Qxf6 15. Bxe6 Qxe6 16. c3 Nc6 17. Rfd1 Rfd8 18. Rd2 d5 19. Rxd5 Rxd5 
20. Ng5 Qg6 21. exd5 Qxg5 22. dxc6 Rxc6 23. Rd1 g6 24. g3 b5 25. Rd5 Re6 
26. h4 Qe7 27. Qe3 h5 28. b3 Qc7 29. Rc5 Qd6 30. c4 bxc4 31. Rxc4 Kg7 
32. Rc5 Qd4 33. Qxd4 exd4 34. Rd5 Re2 35. a4 Re4 36. Kg2 Kf8 37. Kf3 f5 
38. b4 Ke7 39. b5 d3 40. Rxd3 Rxa4 41. bxa6 Rxa6 42. Re3+ Kf6 43. Rb3 Ke6 
44. Kf4 Kf6 45. Re3 Rb6 46. Rd3 Rc6 47. Rd4 Ra6 48. Rc4 Rb6 49. Rd4 Rc6 
50. f3 Rb6 51. Ra4 Rc6 52. Ra1 Rb6 53. Ra7 Rb4+ 54. Ke3 Rb3+ 55. Kf4 Rb6 
56. Ra8 Rb3 57. Ra7 Rb4+ 58. Ke3 Rb3+ 59. Kf4 1/2-1/2

[Event "Friday Night Double Round Robin 3m+1s Starts at 2200hrs ST NO LATE JOINS POSS"]
[Site "Infinity Chess"]
[Date "2018.1.20"]
[Round "25"]
[White "star99"]
[Black "MGR"]
[Result "1/2-1/2"]
[ECO "E12"]
[WhiteElo "2452"]
[BlackElo "2538"]
[WhiteEngine "Cryptic AIL V1"]
[BlackEngine "asmFishW_2017-11-19_bmi2"]
[EventType "Round Robin"]
[WhiteTeam ""]
[BlackTeam ""]
[PlyCount "108"]
[TimeControl "180+1"]

1. d4 Nf6 2. c4 e6 3. Nf3 b6 4. Nc3 Bb4 5. Bd2 O-O 6. e3 d5 7. a3 Bd6 8. b4 dxc4 
9. Bxc4 c5 10. bxc5 bxc5 11. O-O Nbd7 12. Bd3 Bb7 13. Rb1 cxd4 14. exd4 Nb6 
15. a4 a5 16. Nb5 Bb4 17. Ne5 Qd5 18. f3 Qd8 19. Rxb4 axb4 20. Bxb4 Rxa4 
21. Bc5 Ra8 22. Qc2 Nbd5 23. Bxf8 Qxf8 24. Qc5 Nf4 25. Qxf8+ Kxf8 26. Nd6 Nxd3 
27. Nxd3 Ba6 28. Ra1 Nd5 29. Nc5 Bb7 30. Rxa8+ Bxa8 31. Kf2 Nb4 32. Ke2 Nc2 
33. Nb5 Bc6 34. Kd2 Bxb5 35. Kxc2 Bf1 36. g3 Be2 37. f4 Bb5 38. Kd2 Ke7 
39. g4 Kf6 40. Ne4+ Ke7 41. Nc5 Kd6 42. Ne4+ Kd5 43. Nc3+ Kc4 44. Nxb5 Kxb5 
45. Kd3 Kc6 46. Ke4 Kd6 47. g5 f6 48. gxf6 gxf6 49. f5 exf5+ 50. Kxf5 Ke7 
51. h3 Kf7 52. h4 Ke7 53. d5 Kd6 54. Kxf6 Kxd5 1/2-1/2

[Event "Friday Night Double Round Robin 3m+1s Starts at 2200hrs ST NO LATE JOINS POSS"]
[Site "Infinity Chess"]
[Date "2018.1.20"]
[Round "25"]
[White "KULLANI"]
[Black "Victorious"]
[Result "1/2-1/2"]
[ECO "C53"]
[WhiteElo "2423"]
[BlackElo "2518"]
[WhiteEngine "BrainFish_180113_x64_CTG"]
[BlackEngine "BugChess2.41_Release"]
[EventType "Round Robin"]
[WhiteTeam ""]
[BlackTeam ""]
[PlyCount "149"]
[TimeControl "180+1"]

1. e4 e5 2. Nf3 Nc6 3. Bc4 Bc5 4. c3 Nf6 5. d3 O-O 6. O-O d6 7. Bg5 h6 8. Bh4 g5 
9. Bg3 a6 10. Re1 Ba7 11. Nbd2 Nh7 12. h3 h5 13. d4 g4 14. hxg4 hxg4 15. Bh4 Qd7 
16. Nh2 Kh8 17. Be2 Rg8 18. Nb3 Qe6 19. Bxg4 Rxg4 20. Qxg4 Qxg4 21. Nxg4 Bxg4 
22. d5 Nb8 23. Kf1 Kg7 24. f3 Bd7 25. a4 Be8 26. Nd2 a5 27. Ke2 Nd7 28. Rh1 Nc5 
29. b3 Bd7 30. g4 f6 31. Rab1 b5 32. axb5 Bxb5+ 33. c4 Bd7 34. Bf2 Bb6 
35. Be3 Ng5 36. Ra1 Na6 37. Nf1 Nb4 38. Bxb6 cxb6 39. Ne3 Rb8 40. Rh2 Na6 
41. Nf5+ Bxf5 42. gxf5 Nc5 43. Ra3 Kf7 44. Ke3 Na6 45. Rh1 Nb4 46. Rh2 Rg8 
47. Ra1 Rf8 48. Rg1 Na6 49. Rgh1 Kg7 50. Ra2 Rb8 51. Ra4 Nb4 52. Rh2 Kg8 
53. Ra1 Kg7 54. Rah1 Rf8 55. Rg1 Ra8 56. Ra1 Na6 57. Rhh1 Nb4 58. Rh2 Na6 
59. Rhh1 Kf7 60. Rh6 Rg8 61. Rh2 Rb8 62. Rhh1 Nb4 63. Rh2 Na6 64. Rhh1 Ke7 
65. Ra2 Nb4 66. Rah2 Rf8 67. Rg2 Rc8 68. Rxg5 fxg5 69. Rh7+ Kf6 70. Rh6+ Kg7 
71. Rxd6 Nc2+ 72. Kd3 Nb4+ 73. Ke3 Nc2+ 74. Kd3 Nb4+ 75. Ke3 1/2-1/2

[Event "Friday Night Double Round Robin 3m+1s Starts at 2200hrs ST NO LATE JOINS POSS"]
[Site "Infinity Chess"]
[Date "2018.1.20"]
[Round "25"]
[White "Dovahkiin"]
[Black "Gilgamesch"]
[Result "1/2-1/2"]
[ECO ""]
[WhiteElo "2460"]
[BlackElo "2538"]
[WhiteEngine "corchess_x64_modern_CTG"]
[BlackEngine "BrainFish_171005_x64_bmi2"]
[EventType "Round Robin"]
[WhiteTeam ""]
[BlackTeam ""]
[PlyCount "91"]
[TimeControl "180+1"]

1. e3 Nf6 2. d3 c5 3. d4 g6 4. Nf3 Bg7 5. Be2 d5 6. O-O O-O 7. dxc5 Ne4 
8. Nc3 Bxc3 9. bxc3 Nxc3 10. Qe1 Nxe2+ 11. Qxe2 Qc7 12. c4 Qxc5 13. cxd5 Qxd5 
14. e4 Qh5 15. Rb1 Nc6 16. Rb5 e5 17. h3 f6 18. Rd1 g5 19. a4 Qf7 20. Ba3 Re8 
21. Qb2 h6 22. Rc1 Kh8 23. a5 Qg7 24. a6 bxa6 25. Rbc5 g4 26. Rxc6 gxf3 
27. g3 Bxh3 28. Qc3 Bd7 29. Rc7 Qg4 30. Qe3 Qh5 31. Rxd7 Qh3 32. Qxf3 Qxd7 
33. Kg2 a5 34. Rh1 Kg7 35. Qh5 Rh8 36. Rd1 Qc8 37. Rc1 Qb7 38. Qg4+ Kh7 
39. Rc6 Qxc6 40. Qf5+ Kg7 41. Qg4+ Kf7 42. Qh5+ Ke6 43. Qg4+ Kf7 44. Qh5+ Ke6 
45. Qh3+ Kf7 46. Qh5+ 1/2-1/2

[Event "Friday Night Double Round Robin 3m+1s Starts at 2200hrs ST NO LATE JOINS POSS"]
[Site "Infinity Chess"]
[Date "2018.1.20"]
[Round "25"]
[White "tris77"]
[Black "xeonrocks"]
[Result "1/2-1/2"]
[ECO "C65"]
[WhiteElo "2459"]
[BlackElo "2541"]
[WhiteEngine "Raubfisch X37b_CTG"]
[BlackEngine "asmFishW_CTG"]
[EventType "Round Robin"]
[WhiteTeam ""]
[BlackTeam ""]
[PlyCount "192"]
[TimeControl "180+1"]

1. e4 e5 2. Nf3 Nc6 3. Bb5 Nf6 4. O-O Nxe4 5. d4 Nd6 6. Bxc6 dxc6 7. dxe5 Nf5 
8. Qxd8+ Kxd8 9. Nc3 Bd7 10. Rd1 Kc8 11. Ng5 Be8 12. Rd3 b6 13. g4 Ne7 
14. Be3 Ng6 15. f4 h5 16. Rad1 Be7 17. gxh5 Rxh5 18. Nge4 Kb7 19. Nd6+ Bxd6 
20. exd6 Bd7 21. dxc7 Bf5 22. Rd8 Rc8 23. Rxc8 Kxc8 24. Rd2 Kxc7 25. Bf2 Rh8 
26. Bg3 Rd8 27. Re2 Kb7 28. Kf1 Nf8 29. Ke1 Ne6 30. Nd1 g6 31. Nf2 a5 
32. Rd2 Re8 33. Re2 Rf8 34. b3 Nd4 35. Re7+ Ka6 36. c3 Ne6 37. Ke2 Nc5 
38. Ke1 Bb1 39. Re2 Bf5 40. Re7 Rh8 41. Rc7 a4 42. bxa4 Re8+ 43. Kd2 Be6 
44. f5 gxf5 45. Rxc6 Bc4 46. Kd1 Bxa2 47. Rd6 Bb3+ 48. Kd2 Bc4 49. Kc2 Bb3+ 
50. Kd2 Bc4 51. Kc2 Re2+ 52. Rd2 Bb3+ 53. Kc1 Re3 54. Rd4 Rxc3+ 55. Kd2 Rc2+ 
56. Ke1 Rc1+ 57. Kd2 Rc2+ 58. Ke1 Rc1+ 59. Kd2 Ra1 60. Rf4 Ra2+ 61. Ke1 Ra1+ 
62. Kd2 Ra2+ 63. Ke1 Be6 64. h4 Ra1+ 65. Ke2 Ra3 66. Bh2 Ne4 67. Nxe4 fxe4 
68. Bg1 Rxa4 69. Bf2 Ra2+ 70. Ke3 f5 71. h5 Ra3+ 72. Kd4 Ra5 73. h6 Bg8 
74. Rh4 Rd5+ 75. Ke3 Rd3+ 76. Ke2 Bh7 77. Be3 Ra3 78. Rh5 Ra2+ 79. Kf1 Ra1+ 
80. Kf2 Ra3 81. Ke2 Ra2+ 82. Kf1 Kb5 83. Rg5 Ra7 84. Ke2 Rb7 85. Kd2 Rd7+ 
86. Kc1 Kc4 87. Rg2 Rd3 88. Bd2 e3 89. Bxe3 Rxe3 90. Rg7 f4 91. Rxh7 f3 
92. Rf7 f2 93. h7 f1=Q+ 94. Rxf1 Rh3 95. h8=Q Rxh8 96. Rf4+ Kb3 1/2-1/2

[Event "Friday Night Double Round Robin 3m+1s Starts at 2200hrs ST NO LATE JOINS POSS"]
[Site "Infinity Chess"]
[Date "2018.1.20"]
[Round "25"]
[White "PAKtech"]
[Black "OlivierEvan"]
[Result "0-1"]
[ECO "B30"]
[WhiteElo "2465"]
[BlackElo "2404"]
[WhiteEngine "Raubfisch ME262_GTZ16b3._CTG"]
[BlackEngine "Houdini 6"]
[EventType "Round Robin"]
[WhiteTeam ""]
[BlackTeam ""]
[PlyCount "186"]
[TimeControl "180+1"]

1. e4 c5 2. Nf3 Nc6 3. Nc3 e5 4. Bc4 Be7 5. d3 d6 6. Nd2 Nf6 7. h3 Be6 
8. O-O O-O 9. Re1 Qd7 10. a4 h6 11. Nf3 Bd8 12. Bd2 Rc8 13. Be3 Ba5 14. Bd2 Bxc3 
15. Bxc3 Ne8 16. Bxe6 Qxe6 17. Nh4 Nf6 18. Nf5 Kh7 19. Ne3 b6 20. Qd2 Rfe8 
21. f3 Nh5 22. Qf2 Nf4 23. b3 Nd4 24. Bb2 g6 25. Kh2 Rf8 26. Nc4 f5 27. Rf1 Qd7 
28. Qd2 Nfe6 29. Rab1 Nc6 30. c3 f4 31. b4 cxb4 32. cxb4 Rc7 33. b5 Ncd4 
34. Qb4 Rc5 35. Qd2 Qd8 36. Ba3 Rc7 37. Qa2 Rd7 38. Nd2 Nc5 39. Qc4 Rc7 
40. Bxc5 dxc5 41. a5 h5 42. Nb3 Rd7 43. axb6 axb6 44. Ra1 Nxb3 45. Qxb3 Qf6 
46. Qc2 g5 47. Kg1 Kg6 48. Qb3 Rfd8 49. Ra3 g4 50. hxg4 hxg4 51. fxg4 Rh7 
52. Rf3 Kg5 53. Kf2 Qd6 54. Ra4 Rf8 55. d4 cxd4 56. Rh3 Qc5 57. Rc4 Rxh3 
58. gxh3 Qe7 59. Rc1 Qh7 60. Qa3 Qh4+ 61. Kf1 Rf7 62. Qf3 Qg3 63. Qxg3 fxg3+ 
64. Kg2 Kh4 65. Rc2 Rf4 66. g5 Kxg5 67. Kxg3 Rxe4 68. Kf2 Re3 69. h4+ Kf4 
70. Rc4 Rh3 71. Ke2 Rxh4 72. Rb4 Ke4 73. Kf2 Rh2+ 74. Kg3 Re2 75. Kg4 Ke3 
76. Kf5 d3 77. Re4+ Kf2 78. Rh4 d2 79. Rh1 Re1 80. Rh2+ Ke3 81. Rh3+ Kd4 
82. Rh7 Rf1+ 83. Kg6 d1=Q 84. Rd7+ Ke4 85. Rxd1 Rxd1 86. Kg5 Rd6 87. Kg4 Rg6+ 
88. Kh5 Kf5 89. Kh4 Kf4 90. Kh3 e4 91. Kh2 Kf3 92. Kh1 Kf2 93. Kh2 Rh6# 0-1